 Dungeon Crawl Stone Soup version 0.22-a0-161-g198051cff3 (webtiles) character file.

2 RedPan the Magician (level 1, 0/11 HPs)
             Began as an Octopode Wizard on Feb 11, 2018.
             Slain by a gnoll
             ... wielding a +0 club
              (2 damage)
             ... on level 1 of the Dungeon.
             The game lasted 00:00:57 (87 turns).

RedPan the Magician (Octopode Wizard)                 Turns: 87, Time: 00:00:58

Health: 0/11       AC:  1    Str:  6    XL:     1   Next: 40%
Magic:  1/4        EV: 13    Int: 20    God:
Gold:   0          SH:  0    Dex: 10    Spells: 5/6 levels left

rFire    . . .     SeeInvis .   (no weapon)
rCold    . . .     Gourm    .   (no shield)
rNeg     . . .     Faith    .   a - +0 hat
rPois    .         Spirit   .   (no amulet)
rElec    .         Reflect  .   (no ring)
rCorr    .         Harm     .   (no ring)
MR       .....                  (no ring)
Stlth    +++.......             (no ring)
HPRegen  0.03/turn              (no ring)
MPRegen  0.09/turn              (no ring)
                                (no ring)
                                (no ring)

@: no status effects
A: almost no armour, stealthy swim, amphibious, 8 rings, constrict 8, camouflage
1, gelatinous body 1
a: no special abilities


You were on level 1 of the Dungeon.
You were not hungry.

You visited 1 branch of the dungeon, and saw 1 of its levels.

Inventory:

Armour
 a - a +0 hat (worn)
Books
 b - a book of Minor Magic

   Spells                             Type                      Level
   a - Magic Dart                     Conjuration                  1
   b - Blink                          Translocation                2
   c - Call Imp                       Summoning                    2
   d - Slow                           Hexes                        2
   e - Conjure Flame                  Conjuration/Fire             3
   f - Mephitic Cloud                 Conjuration/Poison/Air       3
Comestibles
 c - a ration
 d - a chunk of flesh


   Skills:
 - Level 2.0 Dodging
 - Level 2.6 Stealth
 + Level 3.0 Spellcasting
 * Level 1.2 Conjurations
   Level 1.0 Summonings
   Level 1.0 Translocations


You had 5 spell levels left.
You knew the following spells:

 Your Spells              Type           Power        Failure   Level  Hunger
a - Magic Dart            Conj           #...         9%          1    None


Dungeon Overview and Level Annotations

Branches:
Dungeon (1/15)

Altars:


Innate Abilities, Weirdness & Mutations

You cannot wear most types of armour.
You are very stealthy in the water. (Stealth+)
You are amphibious.
You can wear up to eight rings at the same time.
You can use your tentacles to constrict eight enemies at once.
Your skin changes colour to match your surroundings (Stealth+).
Your rubbery body absorbs attacks. (AC +1, EV +1)


Message History

The gnoll is heavily wounded.
The gnoll hits you but does no damage.
You tentacle-slap the gnoll but do no damage.
You grab the gnoll.
The gnoll is heavily wounded.
You constrict the gnoll, but do no damage.
The gnoll hits you with a club.
You tentacle-slap the gnoll but do no damage.
The gnoll is heavily wounded.
You constrict the gnoll. The gnoll closely misses you.
You tentacle-slap the gnoll but do no damage.
The gnoll is severely wounded.
You constrict the gnoll, but do no damage.
The gnoll hits you with a club!
Ouch! That really hurt!
* * * LOW HITPOINT WARNING * * *
You tentacle-slap the gnoll.
The gnoll is severely wounded.
You constrict the gnoll. The gnoll hits you with a club.
You die...

........
...$.
####..#
#.....#
#.##..#
###.# #.#g#
####.#g#
#....'@#
#+#####.#.#
#.....#)#.#
#..(..###.#
#..><.#)..#
#.....###.#
+.....#.#.#
#####'#.#.#
+....'.#


You could see a gnoll and a hobgoblin.

Vanquished Creatures
  A giant cockroach (D:1)
  A hobgoblin (D:1)
2 creatures vanquished.

Notes
Turn   | Place    | Note
-------+----------+-------------------------------------------
     0 | D:1      | RedPan the Octopode Wizard began the quest for the Orb.
     0 | D:1      | Reached XP level 1. HP: 11/11 MP: 4/4
    87 | D:1      | Slain by a gnoll

Vault maps used:
D:1:      shiori_arrival_maze, minmay_pentomino_u2

Action                   || total
-------------------------++-------
Melee: Unarmed           ||     8
       Constrict         ||     2
 Cast: Magic Dart        ||     8
 Stab: Sleeping          ||     1
Dodge: Dodged            ||     2

Table legend:
 A = Spawn XP
 B = Non-spawn XP
 C = Spawn XP percentage of total XP
 D = Spawn monster count
 E = Non-spawn monster count
 F = Spawn count percentage of total count
 G = Total turns spent on level
                    A         B        C        D         E        F      G
               +---------+---------+-------+---------+---------+-------+---------
         Total |       0 |       4 |   0.0 |       0 |       2 |   0.0 |    87
               +---------+---------+-------+---------+---------+-------+---------
           D:1 |       0 |       4 |   0.0 |       0 |       2 |   0.0 |    87
               +---------+---------+-------+---------+---------+-------+---------
